 Dungeon Crawl Stone Soup version 0.29-a0-96-g93358da72b (webtiles) character file.

Game seed: 13128757043272745353

155 Murumi the Skirmisher (level 5, -4/57 HPs)
             Began as an Ogre Fighter on Feb 12, 2022.
             Slain by an orc (6 damage)
             ... on level 4 of the Dungeon.
             The game lasted 00:08:42 (2231 turns).

Murumi the Skirmisher (Ogre Fighter)                Turns: 2231, Time: 00:08:42

Health: -4/57      AC:  5    Str: 20    XL:     5   Next: 37%
Magic:  5/5        EV:  8    Int: 11    God:
Gold:   71         SH:  7    Dex:  8    Spells: 4/4 levels left

rFire   . . .      SeeInvis .   e - +4 morningstar (vorpal)
rCold   . . .      Faith    .   c - +0 kite shield
rNeg    . . .      Spirit   .   b - +0 robe
rPois   .          Reflect  .   i - +2 hat
rElec   .          Harm     .   (no cloak)
rCorr   .          Rampage  .   (gloves unavailable)
Will    .....                   (boots unavailable)
Stlth   +.........              (no amulet)
HPRegen 0.19/turn               (no ring)
MPRegen 0.09/turn               (no ring)

@: mighty
A: large, unfitting armour, tough skin 1
a: no special abilities


You were on level 4 of the Dungeon.
You visited 1 branch of the dungeon, and saw 3 of its levels.

You collected 71 gold pieces.

Inventory:

Hand Weapons
 e - a +4 vorpal morningstar (weapon)
Missiles
 g - 72 stones (quivered)
Armour
 b - a +0 robe (worn)
 c - a +0 kite shield (worn)
 i - a +2 hat (worn)
Scrolls
 a - a scroll of fog
 j - a scroll of identify
Potions
 f - a potion of curing
 h - a potion of attraction


   Skills:
 + Level 5.4 Fighting
 - Level 2.0 Maces & Flails
 - Level 3.0 Throwing
 - Level 1.0 Armour
 - Level 3.0 Dodging
 - Level 3.0 Shields


You had 4 spell levels left.
You didn't know any spells.
Your spell library was empty.

Dungeon Overview and Level Annotations

Branches:
Dungeon (2/15)

Altars:


Innate Abilities, Weirdness & Mutations

You are too large for most types of armour.
You have tough skin. (AC +1)


Message History

You block the orc's attack.
You hear some strange, mumbled words.
A magic dart appears from out of thin air!
The magic dart hits you! The orc hits you with a +0 dagger.
Unknown command.
You miss something. Something hits you but does no damage.
The orc hits you but does no damage. The orc hits you with a +0 war axe.
You puncture something!
Reactivating autopickup.
You feel a bit more experienced. You block the orc's attack.
You block the orc priest's attack. The orc hits you but does no damage.
You block the orc's attack.
You closely miss the orc priest.
The orc priest hits you with a +0 hand axe!
The orc hits you with a +0 war axe.
* * * LOW HITPOINT WARNING * * *
You block the orc's attack. The orc priest barely misses you.
The orc hits you but does no damage.
You sock the orc priest!
The orc priest is almost dead.
The orc hits you with a +0 dagger.
* * * LOW HITPOINT WARNING * * *
The orc priest hits you with a +0 hand axe.
* * * LOW HITPOINT WARNING * * *
The orc barely misses you. The orc hits you but does no damage.
You closely miss the orc priest.
The orc priest is almost dead.
The orc priest closely misses you. The orc hits you with a +0 war axe.
* * * LOW HITPOINT WARNING * * *
You block the orc's attack.
The orc priest calls down the wrath of Beogh upon you.
Pain shoots through your body!
* * * LOW HITPOINT WARNING * * *
The orc barely misses you.
You thump the orc priest!
You kill the orc priest!
The orc hits you with a +0 dagger.
* * * LOW HITPOINT WARNING * * *
The orc hits you with a +0 war axe.
You die...

#.. #.. ###..
###... ###....
..(.o. .......
...... .......
#(..... .......##
g..o...
.....(o@##...(...
.#####o))#...?#
##..).($.#
##......#
#...(...#
#..###..# ..##
..# #..# .. .>##
#


You could see 2 orcs.

Vanquished Creatures
  An orc priest (D:4)
  2 orc wizards (D:4)
  4 gnolls
  An adder (D:2)
  2 worms (D:2)
  2 dart slugs (D:2)
  3 orcs (D:2)
  3 endoplasms
  3 giant cockroaches
  8 goblins
  5 hobgoblins
  A quokka (D:1)
  4 ball pythons (D:1)
  3 bats
  A frilled lizard (D:1)
  6 rats
49 creatures vanquished.

Notes
Turn   | Place    | Note
-------+----------+-------------------------------------------
     0 | D:1      | Murumi the Ogre Fighter began the quest for the Orb.
     0 | D:1      | Reached XP level 1. HP: 24/24 MP: 1/1
   160 | D:1      | Found a faded altar of an unknown god.
   431 | D:1      | Reached XP level 2. HP: 32/32 MP: 2/2
   526 | D:1      | Identified a scroll of acquirement
   526 | D:1      | Acquired a +4 vorpal morningstar
   865 | D:1      | Reached skill level 1 in Throwing
  1199 | D:2      | Reached XP level 3. HP: 39/39 MP: 3/3
  1211 | D:2      | HP: 1/39 [poisoned by a goblin]
  1673 | D:2      | Reached skill level 1 in Armour
  1726 | D:1      | Reached XP level 4. HP: 49/49 MP: 4/4
  1878 | D:2      | Reached skill level 5 in Fighting
  2188 | D:2      | You fall into a shaft and drop 2 floors!
  2202 | D:4      | Reached XP level 5. HP: 57/57 MP: 5/5
  2231 | D:4      | HP: 2/57 [orc (1)]
  2231 | D:4      | Slain by an orc

Illustrated notes

Levels and vault maps discovered:
D:1:      onia_arrival_handbag, layout_basic, ebering_ecumenical_altar_box
D:2:      layout_basic, guppyfry_early_orc_mine
D:4:      layout_layer_cave, gammafunk_temple_overflow_pools,
          minmay_temple_entry_gardened_gates, uniq_duvessa, uniq_sigmund

Skill      XL: |  1  2  3  4 |
---------------+-------------+-----
Maces & Flails | 2 |  2.0
Dodging        | 3 |  3.0
Shields        | 3 |  3.0
Throwing       | 1 2 3 |  3.0
Armour         | 1 |  1.0
Fighting       | 5 |  5.4

Action                   |  1- 3 |  4- 6 || total
-------------------------+-------+-------++-------
Melee: Flail             |    39 |       ||    39
       Morningstar       |    30 |    51 ||    81
Throw: Stone             |    47 |    25 ||    72
  Use: Scroll            |     6 |     1 ||     7
       Potion            |       |     1 ||     1
 Stab: Sleeping          |     1 |       ||     1
Armor: Robe              |    22 |    23 ||    45
Dodge: Dodged            |    32 |    18 ||    50
Block: Kite shield       |    21 |    21 ||    42

Table legend: (Time is in decaauts)
 A = Elapsed time spent in this place.
 B = Non-inter-level travel time spent in this place.
 C = Inter-level travel time spent in this place.
 D = Time resting spent in this place.
 E = Time spent auto-exploring this place.
 F = Levels seen in this place.
 G = Mean time per level.
                   A        B        C        D        E       F      G
               +--------+--------+--------+--------+--------+-----+--------+
         Total |   2303 |   2214 |     89 |    215 |   1551 |   3 |  767.7 |
       Dungeon |   2303 |   2214 |     89 |    215 |   1551 |   3 |  767.7 |
               +--------+--------+--------+--------+--------+-----+--------+

Top non-repeatable levels by time:
     D:1: 1172 daAuts
     D:2: 1076 daAuts
     D:4: 54 daAuts
